 Dungeon Crawl Stone Soup version 0.31-a0-435-g2c6fae2916 (webtiles) character file.

Game seed: 11837762405109172663

13114 Shayle the Grappler (level 12, -4/92 HPs)
             Began as a Gnoll Shapeshifter on Aug 1, 2023.
             Was an Initiate of Ashenzari.
             Slain by a very large slime creature (35 damage)
             ... in an ice cave on Aug 2, 2023.
             The game lasted 00:28:33 (8050 turns).

Shayle the Grappler (Gnoll Shapeshifter)            Turns: 8050, Time: 00:28:33

Health: -4/92      AC: 10    Str: 22    XL:     12   Next: 2%
Magic:  12/23      EV: 15    Int: 12    God:    Ashenzari [......]
Gold:   540        SH:  0    Dex: 12    Spells: 15/25 levels left

rFire   . . .        y - +4 short sword (venom)
rCold   . . .        (no shield)
rNeg    . . .        I - +0 steam dragon scales
rPois   +            d - +0 helmet
rElec   .            z - scarf {+Inv}
rCorr   .            (no gloves)
SInv    .            e - +1 pair of boots
Will    .....        l - amulet of regeneration
Stlth   +++          r - ring of Ouranomancy {rPois, Self, Comp} (curse)
HPRegen 1.15/turn    h - +6 ring of strength
MPRegen 0.18/turn

%: no passive effects
@: no status effects
A: fangs 1, strong nose, distributed training
a: Renounce Religion, Evoke Invisibility, Curse Item, Shatter the Chains


You were in an ice cave.
You worshipped Ashenzari.
Ashenzari was noncommittal.
You visited 2 branches of the dungeon, and saw 12 of its levels.
You also visited: Ice Cave.

You collected 540 gold pieces.

Inventory:

Hand Weapons
 v - a +1 scythe of venom
 y - a +4 short sword of venom (weapon)
Missiles
 f - 13 boomerangs
 q - 2 throwing nets
 K - 3 curare-tipped darts
Armour
 d - a +0 helmet (worn)
 e - a +1 pair of boots (worn)
 u - a +0 kite shield
 z - a scarf of invisibility (worn)
 I - +0 steam dragon scales (worn)
 L - the +2 scale mail of a volcano {rElec}
   (You found it on level 10 of the Dungeon)

   rElec:     It insulates you from electricity.
Jewellery
 h - a +6 ring of strength (right hand)
 l - an amulet of regeneration (around neck)
 n - a +4 ring of protection
 r - the cursed ring of Ouranomancy (left hand) {rPois, Self, Comp}
   (You found it on level 4 of the Dungeon)

   [ring of poison resistance]

   rPois:     It protects you from poison.
   It has a curse which improves the following skills: Introspection: Fighting
   and Spellcasting.
   Companions: Summonings and Necromancy.
 A - a ring of wizardry
 F - a +4 ring of slaying
Talismans
 c - a beast talisman
 s - a serpent talisman
Wands
 a - a wand of charming (3)
 k - a wand of digging (21)
 o - a wand of polymorph (5)
 w - a wand of quicksilver (6)
 x - a wand of roots (4)
 H - a wand of flame (21)
Scrolls
 m - 4 scrolls of teleportation
 D - a scroll of blinking
Potions
 b - 4 potions of lignification
 i - 3 potions of might
 p - 3 potions of curing
 t - 2 potions of enlightenment {unknown}
 B - 3 potions of brilliance {unknown}
 E - a potion of degeneration {unknown}
 G - a potion of magic {unknown}
 J - a potion of attraction {unknown}
 M - 3 potions of invisibility {unknown}
 N - 2 potions of heal wounds {unknown}
 P - a potion of berserk rage {unknown}


   Skills:
 + Level 7.5(7.9) Fighting
 + Level 7.0 Short Blades
 + Level 7.0 Long Blades
 + Level 7.0 Axes
 + Level 7.0 Maces & Flails
 + Level 7.0 Polearms
 + Level 7.0 Staves
 + Level 7.0 Ranged Weapons
 + Level 7.0 Throwing
 + Level 7.0 Armour
 + Level 8.4 Dodging
 + Level 7.0 Stealth
 + Level 7.0 Shields
 + Level 9.6 Unarmed Combat
 + Level 7.0(7.4) Spellcasting
 + Level 5.8 Conjurations
 + Level 5.8 Hexes
 + Level 5.8(6.2) Summonings
 + Level 5.8(6.2) Necromancy
 + Level 5.8 Translocations
 + Level 5.8 Transmutations
 + Level 5.8 Fire Magic
 + Level 5.8 Ice Magic
 + Level 5.8 Air Magic
 + Level 5.8 Earth Magic
 + Level 5.8 Poison Magic
 + Level 7.6 Invocations
 + Level 7.0 Evocations
 + Level 8.8 Shapeshifting


You had 15 spell levels left.
You knew the following spells:

 Your Spells              Type           Power      Damage    Failure   Level
a - Scorch                Fire           36%        2d6       2%          2
b - Summon Ice Beast      Ice/Summ       18%        N/A       13%         4
c - Olgreb's Toxic Radia  Pois           18%        N/A       14%         4

Your spell library contained the following spells:

 Spells                   Type           Power      Damage    Failure   Level
 Sting                    Tmut/Pois      72%        1d6       1%          1
 Ensorcelled Hibernation  Hex/Ice        36%        N/A       2%          2
 Poisonous Vapours        Pois/Air       36%        N/A       2%          2
 Frozen Ramparts          Ice            36%        1d6       4%          3
 Hailstorm                Conj/Ice       18%        3d6       4%          3
 Mephitic Cloud           Conj/Pois/Air  18%        N/A       4%          3
 Dispel Undead            Necr           19%        3d11      12%         4
 Flame Wave               Conj/Fire      18%        2d7       14%         4
 Freezing Cloud           Conj/Ice/Air   9%         6-21      38%         5
 Summon Cactus Giant      Summ           9%         N/A       88%         6
 Haunt                    Necr/Summ      9%         N/A       100%        7


Dungeon Overview and Level Annotations

Branches:
Dungeon (11/15)            Temple (1/1) D:6           IceCv (1/1)
   Lair: D:8-11         Orc: D:9-12

Altars:
Ashenzari
Cheibriados
Dithmenos
Elyvilon
Fedhas
Gozag
Hepliaklqana
Kikubaaqudgha
Makhleb
Nemelex Xobeh
Okawaru
Qazlal
Ru
Sif Muna
Trog
Uskayaw
Vehumet
Wu Jian
Xom
Yredelemnul
Zin
The Shining One

Shops:
D:9 [

Annotations:
D:10 1 runed translucent door, jejorda2's ghost, journeyman GnBe IceCv exclusion: ice statue


Innate Abilities, Weirdness & Mutations

You have very sharp teeth.
Your uncanny sense of smell can sniff out nearby items.
Your experience applies equally to all skills.


Message History

Unknown command.
The ice beast attacks as you move away! The ice beast misses you.
You hit the ice beast but do no damage.
The ice beast is severely wounded.
The ice beast hits you but does no damage.
Unknown command.
The ice beast attacks as you move away! The ice beast barely misses you.
Your ice beast completely misses the ice beast.
The ice beast hits your ice beast but does no damage.
You hit the very large slime creature.
The very large slime creature is poisoned.
You bite the very large slime creature.
The very large slime creature is moderately wounded.
The very large slime creature hits you but does no damage.
Your ice beast hits the ice beast but does no damage.
The ice beast hits your ice beast. The ice beast freezes your ice beast.
Your ice beast completely resists.
Your magical contamination has completely faded away.
Unknown command.
Aiming: Quicksilver Bolt
Press: ? - help, Shift-Dir - straight line, f - glowing shapeshifter simulacrum
Aim: a glowing shapeshifter simulacrum (91% to hit)
The bolt of dispelling energy hits the very large slime creature!!
The very large slime creature is moderately wounded.
The bolt of dispelling energy misses the ice beast.
The bolt of dispelling energy hits the ice beast!!
The ice beast is severely wounded.
The bolt of dispelling energy hits the slime creature!!
The slime creature is moderately wounded.
The bolt of dispelling energy hits the glowing shapeshifter simulacrum!!
The glowing shapeshifter simulacrum is severely damaged.
The very large slime creature hits you!!!
* * * LOW HITPOINT WARNING * * *
Your ice beast hits the ice beast.
The ice beast dies!
The ice beast disappears in a puff of smoke!
Unknown command.
You feel better.
The very large slime creature hits you!!
You die...

####.........#
###.....#####....
##....#### ##...
####...### ## ##.....##
##.....##∆∆ ######
#....### ∆∆###....####
#.....## ###.Y..J....#
#......###..@JY###8.Z.#
##...........###
##....# ###.........#
.... ########### .J. .#
#


You could see a very large slime creature (very poisoned), a slime creature, an
ice beast (summoned) and a friendly ice beast (summoned).

Vanquished Creatures
  2 two-headed ogres
  Sonja (D:10)
  Pikel (D:6)
  A cyclops (D:11)
  3 meliai (D:9)
  4 slime creatures (IceCv)
  Sigmund (D:5)
  A wraith (D:8)
  A wyvern (D:10)
  Eustachio (D:5)
  19 yaks
  A steam dragon (D:8)
  4 vampire mosquitoes (D:10)
  An acid dragon (D:11)
  4 water moccasins
  4 orc warriors
  4 ice beasts
  A sky beast (D:7)
  3 black bears
  3 ogres
  5 phantoms
  6 centaurs
  A lemure (D:6)
  3 slime creature simulacra (IceCv)
  A kobold brigand (D:7)
  Blork the orc (D:5)
  2 bullfrogs
  4 scorpions
  3 wights (D:8)
  3 killer bees (D:9)
  An electric eel (D:11)
  6 howler monkeys
  4 hounds
  6 jellies
  8 orc priests
  Ijyb (D:5)
  5 iguanas
  12 orc wizards
  A sleepcap (D:8)
  12 adders
  A shadow imp (D:8)
  3 white imps
  An ufetubus (D:5)
  2 worms
  2 dart slugs
  35 orcs
  5 bats
  2 endoplasms
  3 giant cockroaches
  9 goblins
  14 hobgoblins
  3 jackals (D:1)
  5 quokkas
  3 ball pythons
  3 frilled lizards
  10 kobolds
  9 rats
255 creatures vanquished.

Vanquished Creatures (collateral kills)
  A slime creature simulacrum (IceCv)
1 creature vanquished.

Grand Total: 256 creatures vanquished

Notes
Turn   | Place    | Note
-------+----------+-------------------------------------------
     0 | D:1      | Shayle the Gnoll Shapeshifter began the quest for the Orb.
     0 | D:1      | Reached XP level 1. HP: 17/17 MP: 1/1
    68 | D:1      | Reached XP level 2. HP: 22/23 MP: 2/2
   295 | D:1      | Reached XP level 3. HP: 28/28 MP: 3/3
   422 | D:2      | Reached skill level 1 in Invocations
   643 | D:2      | Reached skill level 1 in Short Blades
   643 | D:2      | Reached skill level 1 in Long Blades
   643 | D:2      | Reached skill level 1 in Axes
   643 | D:2      | Reached skill level 1 in Maces & Flails
   643 | D:2      | Reached skill level 1 in Polearms
   643 | D:2      | Reached skill level 1 in Staves
   643 | D:2      | Reached skill level 1 in Ranged Weapons
   643 | D:2      | Reached skill level 1 in Throwing
   643 | D:2      | Reached skill level 1 in Armour
   643 | D:2      | Reached skill level 1 in Stealth
   643 | D:2      | Reached skill level 1 in Shields
   643 | D:2      | Reached skill level 1 in Spellcasting
   643 | D:2      | Reached skill level 1 in Evocations
   652 | D:2      | Reached XP level 4. HP: 34/34 MP: 5/5
   855 | D:2      | Reached skill level 1 in Conjurations
   855 | D:2      | Reached skill level 1 in Hexes
   855 | D:2      | Reached skill level 1 in Summonings
   855 | D:2      | Reached skill level 1 in Necromancy
   855 | D:2      | Reached skill level 1 in Translocations
   855 | D:2      | Reached skill level 1 in Transmutations
   855 | D:2      | Reached skill level 1 in Fire Magic
   855 | D:2      | Reached skill level 1 in Ice Magic
   855 | D:2      | Reached skill level 1 in Air Magic
   855 | D:2      | Reached skill level 1 in Earth Magic
   855 | D:2      | Reached skill level 1 in Poison Magic
  1372 | D:3      | Found a basalt altar of Yredelemnul.
  1554 | D:3      | Reached XP level 5. HP: 40/40 MP: 5/7
  1718 | D:3      | Found an ancient bone altar of Kikubaaqudgha.
  1718 | D:3      | Found a burning altar of Makhleb.
  1718 | D:3      | Found an ornate altar of the Wu Jian Council.
  1718 | D:3      | Found a stormy altar of Qazlal.
  1761 | D:3      | Found a faded altar of an unknown god.
  2136 | D:4      | Reached skill level 5 in Dodging
  2136 | D:4      | Reached XP level 6. HP: 47/47 MP: 8/8
  2154 | D:4      | Noticed a black bear
  2186 | D:4      | Killed a black bear
  2460 | D:5      | Entered Level 5 of the Dungeon
  2467 | D:5      | Noticed Sigmund
  2479 | D:5      | Killed Sigmund
  2480 | D:5      | Reached skill level 7 in Unarmed Combat
  2480 | D:5      | Reached XP level 7. HP: 39/52 MP: 10/10
  2513 | D:5      | Noticed Ijyb
  2521 | D:5      | Killed Ijyb
  2614 | D:5      | Reached XP level 8. HP: 56/60 MP: 12/12
  2760 | D:5      | Found an iron altar of Okawaru.
  2774 | D:5      | Noticed a two-headed ogre
  2831 | D:5      | Killed a two-headed ogre
  2832 | D:5      | Reached XP level 9. HP: 34/67 MP: 13/15
  2896 | D:5      | Noticed Blork the orc
  2907 | D:5      | Killed Blork the orc
  2908 | D:5      | Reached skill level 5 in Fighting
  3057 | D:5      | Noticed Eustachio
  3068 | D:5      | Killed Eustachio
  3260 | D:6      | Reached skill level 8 in Unarmed Combat
  3401 | D:6      | Reached skill level 5 in Invocations
  3422 | D:6      | Found a staircase to the Ecumenical Temple.
  3435 | Temple   | Entered the Ecumenical Temple
  3443 | Temple   | Became a worshipper of Ashenzari the Shackled
  3638 | D:6      | Found a shimmering altar of Xom.
  3649 | D:6      | Reached XP level 10. HP: 75/75 MP: 17/17
  3720 | D:6      | Noticed Pikel
  3729 | D:6      | Killed Pikel
  3730 | D:6      | Reached skill level 5 in Short Blades
  3730 | D:6      | Reached skill level 5 in Long Blades
  3730 | D:6      | Reached skill level 5 in Axes
  3730 | D:6      | Reached skill level 5 in Maces & Flails
  3730 | D:6      | Reached skill level 5 in Polearms
  3730 | D:6      | Reached skill level 5 in Staves
  3730 | D:6      | Reached skill level 5 in Ranged Weapons
  3730 | D:6      | Reached skill level 5 in Throwing
  3730 | D:6      | Reached skill level 5 in Armour
  3730 | D:6      | Reached skill level 5 in Stealth
  3730 | D:6      | Reached skill level 5 in Shields
  3730 | D:6      | Reached skill level 5 in Spellcasting
  3730 | D:6      | Reached skill level 5 in Evocations
  5226 | D:8      | Reached XP level 11. HP: 66/83 MP: 20/20
  5434 | D:8      | Reached skill level 9 in Unarmed Combat
  5530 | D:8      | Reached skill level 5 in Conjurations
  5530 | D:8      | Reached skill level 5 in Hexes
  5530 | D:8      | Reached skill level 5 in Summonings
  5530 | D:8      | Reached skill level 5 in Necromancy
  5530 | D:8      | Reached skill level 5 in Translocations
  5530 | D:8      | Reached skill level 5 in Transmutations
  5530 | D:8      | Reached skill level 5 in Fire Magic
  5530 | D:8      | Reached skill level 5 in Ice Magic
  5530 | D:8      | Reached skill level 5 in Air Magic
  5530 | D:8      | Reached skill level 5 in Earth Magic
  5530 | D:8      | Reached skill level 5 in Poison Magic
  6086 | D:9      | Found Jewkit's Armour Shop.
  6661 | D:10     | Entered Level 10 of the Dungeon
  6662 | D:10     | Found a sacrificial altar of Ru.
  6667 | D:10     | Noticed Sonja
  6701 | D:10     | Noticed a two-headed ogre
  6712 | D:10     | Killed a two-headed ogre
  6757 | D:10     | Found a runed translucent door.
  6790 | D:10     | Killed Sonja
  6951 | D:10     | Noticed jejorda2's ghost (journeyman GnBe)
  7017 | D:10     | Identified the +2 scale mail of a volcano {rElec}
  7603 | D:11     | Noticed a cyclops
  7622 | D:11     | Killed a cyclops
  7623 | D:11     | Found a frozen archway.
  7638 | IceCv    | Entered an ice cave
  7812 | IceCv    | Reached XP level 12. HP: 66/92 MP: 23/23
  7895 | IceCv    | Identified a scroll of acquirement
  7895 | IceCv    | Acquired Rupty's Precepts of the Catacomb and Freezing
  7900 | IceCv    | Learned a level 2 spell: Scorch
  7905 | IceCv    | Learned a level 4 spell: Summon Ice Beast
  7910 | IceCv    | Learned a level 4 spell: Olgreb's Toxic Radiance
  8050 | IceCv    | Slain by a very large slime creature

Illustrated notes

Levels and vault maps discovered:
D:1:      dpeg_arrival_pits, layout_rooms
D:2:      minmay_skewed_foursquare, layout_loops_ring
D:3:      layout_loops_ring, lemuel_doored_altar,
          grunt_temple_overflow_cloverleaf, shapermc_ecumenical_altar_flowoftime
D:4:      layout_basic
D:5:      minmay_bubble_buster, layout_rooms, lemuel_tele_altar,
          uniq_blork_the_orc, uniq_ijyb, uniq_eustachio, uniq_sigmund
D:6:      layout_loops_ring, tgw_xom, minmay_temple_entry_trees, serial_rivers,
          chequers_serial_rivers_small_a, chequers_serial_rivers_room_a,
          chequers_serial_rivers_marsh, chequers_serial_rivers_micro_d,
          chequers_serial_rivers_small_a, uniq_pikel
D:7:      layout_loops_ring, hangedman_decor_lopped
D:8:      layout_loops_ring
D:9:      layout_basic, serial_shops, nicolae_shop_tiny_waterfront
D:10:     layout_rooms, amcnicky_altar_gilded, hellmonk_ghost_big_iron,
          minmay_misc_feat_ornament, uniq_sonja
D:11:     minmay_tile_spiral, layout_basic, minmay_lair_entry_grove,
          portal_ice_cave_entry_pillars_1, gammafunk_ghost_split
Temple:   nicolae_temple_two_arcs
IceCv:    ice_cave_hellmonk_azure_passage

Skill      XL: |  1  2  3  4  5  6  7  8  9 10 11 12 |
---------------+-------------------------------------+-----
Invocations    | 1 2 3 4 5 6 7 |  7.6
Short Blades   | 1 2 3 4 5 6 7 |  7.0
Long Blades    | 1 2 3 4 5 6 7 |  7.0
Axes           | 1 2 3 4 5 6 7 |  7.0
Maces & Flails | 1 2 3 4 5 6 7 |  7.0
Polearms       | 1 2 3 4 5 6 7 |  7.0
Staves         | 1 2 3 4 5 6 7 |  7.0
Ranged Weapons | 1 2 3 4 5 6 7 |  7.0
Throwing       | 1 2 3 4 5 6 7 |  7.0
Armour         | 1 2 3 4 5 6 7 |  7.0
Stealth        | 1 2 3 4 5 6 7 |  7.0
Shields        | 1 2 3 4 5 6 7 |  7.0
Spellcasting   | 1 2 3 4 5 6 7 |  7.0
Evocations     | 1 2 3 4 5 6 7 |  7.0
Conjurations   | 1 2 3 4 5 |  5.8
Hexes          | 1 2 3 4 5 |  5.8
Summonings     | 1 2 3 4 5 |  5.8
Necromancy     | 1 2 3 4 5 |  5.8
Translocations | 1 2 3 4 5 |  5.8
Transmutations | 1 2 3 4 5 |  5.8
Fire Magic     | 1 2 3 4 5 |  5.8
Ice Magic      | 1 2 3 4 5 |  5.8
Air Magic      | 1 2 3 4 5 |  5.8
Earth Magic    | 1 2 3 4 5 |  5.8
Poison Magic   | 1 2 3 4 5 |  5.8
Fighting       | 3 4 5 6 7 |  7.5
Dodging        | 5 6 7 8 |  8.4
Unarmed Combat | 7 8 9 |  9.6
Shapeshifting  | 7 8 |  8.8

Action                     |  1- 3 |  4- 6 |  7- 9 | 10-12 || total
---------------------------+-------+-------+-------+-------++-------
  Melee: Unarmed           |    67 |   102 |   176 |   380 ||   725
         Bite              |     3 |     8 |       |    48 ||    59
         Punch             |     1 |       |       |    12 ||    13
         Constrict         |       |     3 |    34 |    30 ||    67
         Short sword       |       |       |       |    51 ||    51
   Cast: Summon Ice Beast  |       |       |       |     5 ||     5
         Scorch            |       |       |       |     1 ||     1
 Invoke: Curse Item        |       |       |       |     1 ||     1
Ability: Begin Untransform |       |     1 |       |     2 ||     3
  Evoke: Wand              |       |       |       |    23 ||    23
    Use: Scroll            |       |       |     7 |     7 ||    14
         Potion            |       |       |     1 |     1 ||     2
   Stab: Sleeping          |       |     2 |     6 |     4 ||    12
         Distracted        |       |       |       |     1 ||     1
 Armour: Animal skin       |     1 |       |       |       ||     1
         Ring mail         |    16 |    23 |       |       ||    39
         Skin              |       |     5 |    79 |    57 ||   141
         Steam dragon scal |       |       |       |    51 ||    51
  Dodge: Dodged            |    28 |    39 |   113 |   214 ||   394
  Block: Kite shield       |       |       |       |    37 ||    37
   Form: Anaconda          |       |     1 |       |       ||     1

Table legend: (Time is in decaauts)
 A = Elapsed time spent in this place.
 B = Non-inter-level travel time spent in this place.
 C = Inter-level travel time spent in this place.
 D = Time resting spent in this place.
 E = Time spent auto-exploring this place.
 F = Levels seen in this place.
 G = Mean time per level.
                   A        B        C        D        E       F      G
               +--------+--------+--------+--------+--------+-----+--------+
         Total |   7951 |   7676 |    275 |    588 |   4653 |  13 |  611.6 |
       Dungeon |   7539 |   7272 |    267 |    409 |   4653 |  11 |  685.4 |
        Temple |     16 |      8 |      8 |      0 |      0 |   1 |   16.0 |
      Ice Cave |    395 |    395 |      0 |    179 |      0 |   1 |  395.0 |
               +--------+--------+--------+--------+--------+-----+--------+

Top non-repeatable levels by time:
     D:9: 1004 daAuts
     D:8: 949 daAuts
     D:2: 915 daAuts
     D:6: 872 daAuts
    D:10: 797 daAuts
     D:5: 739 daAuts
     D:7: 675 daAuts
     D:3: 614 daAuts
     D:4: 543 daAuts
   IceCv: 395 daAuts
     D:1: 365 daAuts
    D:11: 62 daAuts
  Temple: 16 daAuts
